 Dungeon Crawl Stone Soup version 0.31-a0-232-gb1c03b2570 (webtiles) character file.

Game seed: 12673879230565534979

23 qw the Shooter (level 2, 0/17 HPs)
             Began as a Gargoyle Hexslinger on July 7, 2023.
             Slain by Terence
             ... wielding a +2 hand axe of distortion
              (16 damage)
             ... on level 2 of the Dungeon.
             The game lasted 00:00:18 (466 turns).

qw the Shooter (Gargoyle Hexslinger)                 Turns: 466, Time: 00:00:18

Health: 0/17       AC: 10    Str: 11    XL:     2   Next: 95%
Magic:  3/3        EV: 10    Int: 13    God:
Gold:   67         SH:  0    Dex: 12    Spells: 2/3 levels left

rFire   . . .        Y - +1 sling
rCold   + . .        (no shield)
rNeg    + . .        e - +0 ring mail
rPois   inf          (no helmet)
rElec   +            (no cloak)
rCorr   .            (no gloves)
SInv    .            h - +2 pair of boots
Will    .....        (no amulet)
Stlth   +            g - ring of protection from cold
HPRegen 0.22/turn    (no ring)
MPRegen 0.08/turn

%: no passive effects
@: no status effects
A: sickness immunity, AC +2, negative energy resistance 1, electricity
resistance, torment resistance 1, petrification resistance
a: no special abilities


You were on level 2 of the Dungeon.
You visited 1 branch of the dungeon, and saw 2 of its levels.

You collected 67 gold pieces.


Innate Abilities, Weirdness & Mutations

You are immune to sickness and miasma.
Your stone body is resilient. (AC +2)
You are immune to poison.
You resist negative energy. (rN+)
You are resistant to electric shocks. (rElec)
You are resistant to unholy torment.
You are immune to petrification.


   Skills:
 + Level 1.8 Fighting
 - Level 3.0 Ranged Weapons
 - Level 1.5 Dodging
 - Level 1.0 Spellcasting
 - Level 2.6 Hexes


You had 2 spell levels left.
You knew the following spells:

 Your Spells              Type           Power      Damage    Failure   Level
a - Slow                  Hex            28%        N/A       22%         1

Your spell library contained the following spells:

 Spells                   Type           Power      Damage    Failure   Level
 Inner Flame              Hex/Fire       4%         N/A       75%         3
 Portal Projectile        Hex/Tloc       8%         N/A       75%         3
 Cause Fear               Hex            3%         N/A       92%         4

Inventory:

Hand Weapons
 Y - a +1 sling (weapon)
Armour
 e - a +0 ring mail (worn)
 h - a +2 pair of boots (worn)
Jewellery
 g - a ring of protection from cold (left hand)

Dungeon Overview and Level Annotations

Branches:
Dungeon (2/15)

Altars:

Annotations:
D:2 Terence


Message History

438 ||| READING scroll labelled TYMPORGH WIGGUK.
As you read the scroll labelled TYMPORGH WIGGUK, it crumbles to dust.
It is a scroll of identify.
Really abort (and waste the scroll)?
Done exploring.
439 ||| READING scroll labelled QIGGOABARCH.
As you read the scroll labelled QIGGOABARCH, it crumbles to dust.
You feel strangely unstable.
It was a scroll of teleportation.
You start waiting.
Your surroundings suddenly seem different.
Enter note:
Enter note:
Enter note:
Enter note: Done exploring.
443 ||| DROPPING scroll of poison.
You drop a scroll of poison.
Done exploring.
(D) Dungeon
Where to? (* - list waypoints, ? - help)
What level of the Dungeon? (default 1, ? - help)
There is a stone staircase leading down here.
You climb downwards.
The frilled lizard hisses angrily.
There is a stone staircase leading up here.
There are monsters nearby!
Waypoint 1 assigned to D:2.
You shoot a sling bullet.
The sling bullet hits the frilled lizard.
You kill the frilled lizard!
You shoot a sling bullet.
The sling bullet closely misses Terence.
You shoot a sling bullet. The sling bullet hits Terence.
Terence is lightly wounded.
You shoot a sling bullet. The sling bullet hits Terence.
Terence is lightly wounded.
Terence hits you but does no damage. Space warps around you.
You shoot a sling bullet.
The sling bullet closely misses Terence.
Terence hits you but does no damage. Space warps horribly around you!
Ouch! That really hurt!
You die...

.. #. # ..
#.##.#
....###### #
#.......#...
#...........
#...@.......
........@......
...............
...............
...............
...............
#####..........
##.....##..


You could see Terence.

Vanquished Creatures
  3 bats (D:1)
  3 endoplasms (D:1)
  A giant cockroach (D:1)
  3 hobgoblins (D:1)
  3 kobolds (D:1)
  2 quokkas (D:1)
  2 frilled lizards
  3 rats (D:1)
20 creatures vanquished.

Notes
Turn   | Place    | Note
-------+----------+-------------------------------------------
     0 | D:1      | qw the Gargoyle Hexslinger began the quest for the Orb.
     0 | D:1      | Reached XP level 1. HP: 12/12 MP: 2/2
     0 | D:1      | 0 ||| qw: Version: 0.3-a-46-gb1f654a
     0 | D:1      | 0 ||| qw: Game counter: 2236
     0 | D:1      | 0 ||| qw: Melee chars always use a shield: true
     0 | D:1      | 0 ||| qw: God list: Okawaru
     0 | D:1      | 0 ||| qw: Allow faded altars: false
     0 | D:1      | 0 ||| qw: Do Orc after clearing Dungeon:15 true
     0 | D:1      | 0 ||| qw: Do second Lair branch before Depths: true
     0 | D:1      | 0 ||| qw: Lair rune preference: random
     0 | D:1      | 0 ||| qw: Goals: Normal
     0 | D:1      | 0 ||| PLANNING D:1-11
   106 | D:1      | Reached XP level 2. HP: 16/16 MP: 3/3
   212 | D:1      | Reached skill level 3 in Ranged Weapons
   421 | D:1      | 421 ||| UPGRADING to +0 ring mail.
   431 | D:1      | 431 ||| DROPPING +0 robe.
   432 | D:1      | 432 ||| UPGRADING to +2 pair of boots.
   437 | D:1      | 437 ||| UPGRADING to ring of protection from cold.
   438 | D:1      | 438 ||| READING scroll labelled TYMPORGH WIGGUK.
   439 | D:1      | 439 ||| READING scroll labelled QIGGOABARCH.
   443 | D:1      | 443 ||| DROPPING scroll of poison.
   461 | D:2      | Noticed Terence
   466 | D:2      | Slain by Terence

Levels and vault maps discovered:
D:1:      minmay_arrival_semitransparent, layout_rooms, hex_medium
D:2:      layout_rooms, ebering_ecumenical_altar_webs, uniq_terence

Skill      XL: |  1  2 |
---------------+-------+-----
Ranged Weapons | 3 |  3.0
Fighting       | |  1.8
Dodging        | |  1.5
Spellcasting   | |  1.0
Hexes          | |  2.6

Action                     || total
---------------------------++-------
   Fire: Sling             ||    77
    Use: Scroll            ||     2
 Armour: Robe              ||    19
         Ring mail         ||     2
  Dodge: Dodged            ||    32

Table legend:
 A = Non-vault XP
 B = Vault XP
 C = Vault XP percentage of total XP
 D = Non-vault monster count
 E = Vault monster count
 F = Vault count percentage of total count
                 A         B        C        D         E       F
            +---------+---------+-------+---------+---------+-------
      Total |      33 |       0 |   0.0 |      20 |       0 |   0.0
            +---------+---------+-------+---------+---------+-------
        D:1 |      32 |       0 |   0.0 |      19 |       0 |   0.0
        D:2 |       1 |       0 |   0.0 |       1 |       0 |   0.0
            +---------+---------+-------+---------+---------+-------
